 Dungeon Crawl Stone Soup version 0.28.0-47-ge53b351184 (webtiles) character file.

Game seed: 17643355200107878941

40177 issech the Basher (level 13, -2/78 (91) HPs)
             Began as a Troll Monk on May 10, 2022.
             Was an Elder of Hepliaklqana.
             Slain by a minotaur
             ... wielding the +13 scythe of Curses {drain, Drain}
              (18 damage)
             ... in a Gauntlet.
             The game lasted 01:13:50 (12270 turns).

issech the Basher (Troll Monk)                     Turns: 12270, Time: 01:13:50

HP:   -2/78 (91)    AC: 16    Str: 42    XL:     13   Next: 73%
MP:   12/12         EV: 11    Int: -2 (6) God:    Hepliaklqana [****..]
Gold: 2201          SH:  0    Dex: 18    Spells: 12/12 levels left

rFire   + + .      SeeInvis +   K - +4 dire flail (vamp)
rCold   x . .      Faith    .   (shield currently unavailable)
rNeg    . . .      Spirit   .   q - +2 fire dragon scales
rPois   .          Reflect  .   (helmet restricted)
rElec   .          Harm     .   x - +0 cloak "Sios" {Rampage Str+8 SInv}
rCorr   .          Rampage  +   (gloves unavailable)
Will    .....      NoTele   +   (boots unavailable)
Stlth   +.........              l - amulet of regeneration
HPRegen 1.83/turn               i - +6 ring of strength
MPRegen 0.13/turn               P - +6 ring of strength

@: mighty, slowed, lost intelligence, heavily drained, unable to read, very slow
A: reduced essence, large, unfitting armour, claws 3, regeneration 1, shaggy fur
1, tough skin 1, agile 1, [frail 2]
a: Renounce Religion, Recall Ancestor, Ancestor Identity, Transference, Idealise


You were in a Gauntlet.
You worshipped Hepliaklqana.
Hepliaklqana was greatly pleased with you.
You visited 2 branches of the dungeon, and saw 14 of its levels.
You also visited: Gauntlet.

You collected 2227 gold pieces.
You spent 26 gold pieces at shops.

Inventory:

Hand Weapons
 e - a +0 whip of venom
 C - the +8 storm bow {elec, penet}
   (You found it on level 5 of the Dungeon)

   Any ammunition fired from it occasionally discharges a powerful burst of
   electricity upon striking a foe.
   Any ammunition fired by it passes through the targets it hits, potentially
   hitting all targets in its path until it reaches maximum range.
 G - a +4 long sword
 K - a +4 vampiric dire flail (weapon)
 V - a +4 glaive of protection
Missiles
 g - 290 stones
 k - 11 large rocks (quivered)
 o - 16 boomerangs
 v - 293 arrows
 B - 130 sling bullets
 D - 25 poisoned darts
 H - 66 bolts
 Z - a curare-tipped dart
Armour
 q - +2 fire dragon scales (worn)
 u - +0 acid dragon scales
 x - the +0 cloak "Sios" (worn) {Rampage Str+8 SInv}
   (You found it in a Gauntlet)

   Str:       It affects your strength (+8).
   SInv:      It lets you see invisible.
   Rampage:   It bestows one free step when moving towards enemies.
 T - a +0 troll leather armour
Jewellery
 i - a +6 ring of strength (left claw)
 l - an amulet of regeneration (around neck)
 r - a ring of protection from fire
 s - a ring of poison resistance
 w - a ring of poison resistance
 z - a ring of protection from cold
 A - an amulet of reflection
 P - a +6 ring of strength (right claw)
 X - a ring of wizardry
Wands
 m - a wand of polymorph (17)
 y - a wand of mindburst (19)
 E - a wand of iceblast (24)
 N - a wand of acid (3)
 O - a wand of paralysis (9)
 W - a wand of digging (11)
Scrolls
 d - 3 scrolls of holy word
 f - 3 scrolls of immolation
 j - 6 scrolls of teleportation
 n - 4 scrolls of blinking
 I - 2 scrolls of fear
Potions
 b - a potion of brilliance
 c - 5 potions of degeneration
 h - a potion of might
 p - 5 potions of berserk rage
 t - a potion of haste
 F - 2 potions of ambrosia
 L - 4 potions of curing
 M - 5 potions of mutation
 Q - 2 potions of invisibility {unknown}
 R - a potion of heal wounds {unknown}
 S - 3 potions of lignification {unknown}
Miscellaneous
 a - a phantom mirror
 J - a condenser vane
 U - a phial of floods
 Y - a phantom mirror


   Skills:
 + Level 8.8 Fighting
 + Level 11.4 Maces & Flails
 + Level 1.2 Polearms
 + Level 9.7 Bows
 + Level 2.0 Throwing
 + Level 8.1 Armour
 + Level 5.7 Dodging
 + Level 1.9 Stealth
 + Level 2.6 Shields


You had 12 spell levels left.
You didn't know any spells.
Your spell library contained the following spells:

 Spells                   Type           Power      Damage    Failure   Level
 Beastly Appendage        Tmut           0%         N/A       78%         1
 Foxfire                  Conj/Fire      0%         2x1d4     78%         1
 Magic Dart               Conj           0%         1d3       78%         1
 Shock                    Conj/Air       0%         1d3       78%         1
 Searing Ray              Conj           0%         2d4       89%         2
 Static Discharge         Conj/Air       0%         N/A       89%         2
 Wereblood                Tmut           0%         N/A       89%         2
 Conjure Flame            Conj/Fire      0%         6-21      98%         3
 Ignite Poison            Fire/Tmut/Pois 0%         N/A       98%         3
 Inner Flame              Hex/Fire       0%         N/A       98%         3
 Mephitic Cloud           Conj/Pois/Air  0%         N/A       98%         3
 Spider Form              Tmut/Pois      0%         N/A       98%         3
 Stone Arrow              Conj/Erth      0%         3d7       98%         3
 Dispel Undead            Necr           0%         3d6       100%        4
 Flame Wave               Conj/Fire      0%         2d4       100%        4
 Fulminant Prism          Conj/Hex       0%         3d6       100%        4
 Sticky Flame             Conj/Fire      0%         2d3       100%        4
 Freezing Cloud           Conj/Ice/Air   0%         6-21      100%        5
 Summon Mana Viper        Hex/Summ       0%         N/A       100%        5


Dungeon Overview and Level Annotations

Branches:
Dungeon (13/15)            Temple (1/1) D:7            Lair (0/6) D:11
    Orc (0/2) D:12         Vaults (0/5) D:13        Gauntlet (1/1)

Altars:
Ashenzari
Cheibriados
Dithmenos
Elyvilon
Fedhas
Gozag
Hepliaklqana
Kikubaaqudgha
Makhleb
Nemelex Xobeh
Okawaru
Qazlal
Ru
Sif Muna
Trog
Uskayaw
Vehumet
Wu Jian
Xom
Yredelemnul
Zin
The Shining One

Shops:
D:2 [   D:5 [*(   D:13 :

Annotations:
Gauntlet 12 transporters


Innate Abilities, Weirdness & Mutations

Your life essence is reduced to manifest your ancestor. (-10% HP)
You are too large for most types of armour.
You have claws for hands.
Your natural rate of healing is unusually fast.
You are covered in fur. (AC +1)
You have tough skin. (AC +1)
You are agile. (Dex +2)
[You are very frail. (-20% HP)]


Message History

C - the +8 storm bow (weapon)
{elec, penet} The minotaur hits you from afar with the +13 scythe of Curses {drain, Drain}!!!
You feel drained.
You are engulfed in negative energy!
You feel dopey.
You have lost your intelligence.
The minotaur hits you from afar with the +13 scythe of Curses {drain, Drain}.
You feel drained.
You feel homesick.
Ingiyab hits the minotaur with a +0 quarterstaff!
The minotaur throws a silver javelin.
The silver javelin pierces through Ingiyab!!!
The silver javelin pierces through you! The silver sears you!
You can move again.
You are too injured to fight recklessly!
Unknown command.
You are too injured to fight recklessly!
Unknown command.
You are too injured to fight recklessly!
The +8 storm bow {elec, penet} stops crackling.
You feel a sense of dread.
K - a +4 vampiric dire flail (weapon)
Ingiyab points at the minotaur and mumbles some strange words.
The stone arrow hits the minotaur!!
You swap places.
The minotaur throws a silver javelin.
The silver javelin completely misses you.
The silver javelin pierces through Ingiyab!
Ingiyab is destroyed!
The minotaur hits you with the +13 scythe of Curses {drain, Drain}!
You feel drained.
Your body is wracked with pain!
* * * LOW HITPOINT WARNING * * *
The minotaur closely misses you.
There is an open door here.
You puncture the minotaur!
You feel better.
The minotaur is severely wounded.
The minotaur hits you with the +13 scythe of Curses {drain, Drain}!
You feel drained.
* * * LOW HITPOINT WARNING * * *
You feel very uncomfortable. The minotaur gores you!
* * * LOW HITPOINT WARNING * * *
You feel very mighty all of a sudden.
The minotaur hits you with the +13 scythe of Curses {drain, Drain}!!
You die...

#8#
#8##≈...............≈##8#
#8# ###
####8..©.©.©.©.©.©..8####
### #≈...............≈#
#####.###.###.#####
###.###.###.###
#.............#
#.###.###.###.#
#.............#
#######@####### #H# ∩..
...⌠+ +⌠...# #..⌠.#
###+##


You could see a minotaur.

Vanquished Creatures
  The ghost of Zeld the Eclecticist, a journeyman DrCj of Vehumet (D:12)
  A very ugly thing (D:12)
  6 boulder beetles (D:12)
  4 hydras
  3 two-headed ogres
  3 centaur warriors
  A death knight (D:12)
  A wretched star (Gauntlet)
  3 deep elf pyromancers
  4 ugly things
  An elephant (D:11)
  2 cyclopes (D:12)
  A worldbinder (Gauntlet)
  2 manticores (D:12)
  A gargoyle (D:12)
  A kobold demonologist (D:12)
  A komodo dragon (D:12)
  A freezing wraith (D:12)
  5 trolls
  A hornet (D:7)
  A slime creature (D:12)
  3 shadows
  Sigmund (D:3)
  A wyvern (D:7)
  2 wraiths (D:12)
  19 yaks
  A human (shapeshifter) (D:12)
  2 basilisks (D:11)
  2 vampire mosquitoes (D:12)
  3 chaos spawn (Gauntlet)
  A neqoxec (Gauntlet)
  Edmund (D:6)
  4 acid dragons
  A water moccasin (D:9)
  5 orc warriors
  A hornet zombie (D:5)
  A sky beast (D:4)
  A small abomination (Gauntlet)
  4 black bears
  3 ice beasts
  2 ogres
  2 boggarts (Gauntlet)
  7 centaurs
  4 kobold brigands
  2 bullfrogs
  4 scorpions
  A water moccasin zombie (D:5)
  A wyvern skeleton (D:7)
  A water moccasin skeleton (D:5)
  7 killer bees
  5 wights (D:7)
  A howler monkey (D:8)
  A bullfrog zombie (D:6)
  2 hounds
  A centaur zombie (D:6)
  2 bullfrog skeletons (D:5)
  2 gnoll shamans
  5 orc priests
  2 jellies
  2 iguanas
  9 orc wizards
  A killer bee zombie (D:8)
  3 hound skeletons
  A howler monkey zombie (D:6)
  6 gnolls
  6 adders
  3 shadow imps
  2 white imps
  2 worms
  A dart slug (D:4)
  30 orcs
  5 ball pythons
  8 bats
  A bat zombie (D:3)
  3 endoplasms
  A giant cockroach (D:4)
  6 goblins
  10 hobgoblins
  4 jackals
  12 kobolds
  2 quokkas
  3 frilled lizards
  6 rats
  3 rat zombies (D:3)
282 creatures vanquished.

Vanquished Creatures (collateral kills)
  A sphinx (D:9)
  A boulder beetle (D:12)
  A centaur warrior (D:12)
  A two-headed ogre (D:11)
  2 dancing weapons (D:13)
  A deep elf zephyrmancer (D:12)
  A cyclops (D:12)
  An ugly thing (D:12)
  2 manticores
  A yaktaur (shapeshifter) (D:12)
  2 unseen horrors
  A kobold demonologist (D:12)
  3 trolls
  A hornet (D:9)
  2 wyverns
  A wraith (D:13)
  9 yaks
  2 vampire mosquitoes (D:12)
  A basilisk (D:12)
  3 orc warriors
  An ice beast (D:7)
  A necrophage (D:7)
  A scorpion (D:7)
  2 wights (D:7)
  3 howler monkeys
  3 orcs
  A kobold (D:8)
49 creatures vanquished.

Vanquished Creatures (others)
  An acid dragon (D:12)
  10 battlemagi
  A fungus (D:11)
12 creatures vanquished.

Grand Total: 343 creatures vanquished

Notes
Turn   | Place    | Note
-------+----------+-------------------------------------------
     0 | D:1      | issech the Troll Monk began the quest for the Orb.
     0 | D:1      | Reached XP level 1. HP: 22/22 MP: 0/0
    67 | D:1      | Found a faded altar of an unknown god.
    86 | D:1      | Reached XP level 2. HP: 29/29 MP: 1/1
   144 | D:1      | Reached skill level 3 in Maces & Flails
   610 | D:2      | Reached XP level 3. HP: 36/36 MP: 2/2
   805 | D:2      | Found Vybbimi's Antique Armour Shop.
  1399 | D:3      | Reached XP level 4. HP: 40/44 MP: 3/3
  1458 | D:3      | Found an ancient bone altar of Kikubaaqudgha.
  1540 | D:3      | Noticed Sigmund
  1547 | D:3      | Killed Sigmund
  1548 | D:3      | Reached skill level 4 in Maces & Flails
  1548 | D:3      | Reached skill level 1 in Throwing
  1548 | D:3      | Reached XP level 5. HP: 52/53 MP: 4/4
  1902 | D:3      | Reached XP level 6. HP: 60/61 MP: 5/5
  2181 | D:4      | Found a stormy altar of Qazlal.
  2185 | D:4      | Noticed a water elemental
  2186 | D:4      | Noticed an air elemental
  2186 | D:4      | Noticed a fire elemental
  2219 | D:4      | Noticed an acid dragon
  2242 | D:4      | HP: 3/61 [acid dragon/splash of acid (26)]
  2243 | D:4      | Killed an acid dragon
  2456 | D:4      | Found a hide-covered altar of Uskayaw.
  2494 | D:4      | Found a glowing silver altar of Zin.
  2494 | D:4      | Noticed an angel
  2777 | D:5      | Entered Level 5 of the Dungeon
  2788 | D:4      | Reached skill level 5 in Maces & Flails
  2788 | D:4      | Reached skill level 1 in Armour
  2822 | D:5      | Reached XP level 7. HP: 67/67 MP: 6/6
  2990 | D:5      | Found the +8 storm bow {elec, penet}
  3179 | D:5      | Reached XP level 8. HP: 78/78 MP: 7/7
  3255 | D:5      | Reached skill level 6 in Maces & Flails
  3339 | D:5      | Found Adof's General Store.
  3340 | D:5      | Found Buimeug's Armour Boutique.
  3353 | D:5      | Bought a scroll of identify for 26 gold pieces
  3391 | D:5      | Reached skill level 1 in Bows
  3446 | D:5      | Found Utuv Zunn's Weapon Boutique.
  3977 | D:6      | Noticed Edmund
  3980 | D:6      | Killed Edmund
  4110 | D:6      | Found a shimmering altar of Xom.
  4157 | D:6      | Found an opulent altar of Gozag.
  4393 | D:6      | Found a sparkling altar of Nemelex Xobeh.
  4484 | D:6      | Found a blossoming altar of Fedhas.
  4810 | D:7      | Reached XP level 9. HP: 85/85 MP: 8/8
  4936 | D:7      | Reached skill level 5 in Fighting
  4939 | D:7      | Found a staircase to the Ecumenical Temple.
  5021 | Temple   | Entered the Ecumenical Temple
  5039 | Temple   | Became a worshipper of Hepliaklqana the Forgotten
  5039 | Temple   | Reached * piety under Hepliaklqana
  5039 | Temple   | Reached ** piety under Hepliaklqana
  5040 | Temple   | Remembered your ancestor Ingiyab as a battlemage
  5228 | D:7      | Reached skill level 7 in Maces & Flails
  5500 | D:7      | Reached skill level 5 in Bows
  5565 | D:7      | Reached XP level 10. HP: 86/86 MP: 9/9
  5714 | D:8      | Reached skill level 5 in Armour
  5729 | D:8      | Reached skill level 8 in Maces & Flails
  6342 | D:8      | Found a broken altar of Ashenzari.
  6824 | D:9      | Noticed a two-headed ogre
  6833 | D:9      | Killed a two-headed ogre
  6929 | D:9      | Reached skill level 9 in Maces & Flails
  6930 | D:9      | Reached XP level 11. HP: 94/94 MP: 10/10
  7078 | D:9      | You fall into a shaft and drop 2 floors!
  7078 | D:11     | Reached *** piety under Hepliaklqana
  7103 | D:10     | Entered Level 10 of the Dungeon
  7233 | D:9      | Noticed a sphinx
  7238 | D:9      | Killed a sphinx
  7242 | D:9      | Identified the +0 plate armour of Joy {rElec}
  7337 | D:9      | Noticed a seven-headed hydra
  7342 | D:9      | Killed a seven-headed hydra
  7445 | D:9      | Paralysed by a hornet for 1 turns
  7671 | D:9      | Found a burning altar of Makhleb.
  8522 | D:11     | Found a staircase to the Lair.
  8589 | D:11     | Noticed a two-headed ogre
  8595 | D:11     | Killed a two-headed ogre
  8789 | D:11     | Noticed a purple ugly thing
  8799 | D:11     | Killed a purple ugly thing
  8955 | D:11     | Noticed a two-headed ogre
  8959 | D:11     | Killed a two-headed ogre
  8960 | D:11     | Reached XP level 12. HP: 106/106 MP: 11/11
  9009 | D:11     | Reached **** piety under Hepliaklqana
  9213 | D:12     | Noticed a white very ugly thing
  9213 | D:12     | Noticed a centaur warrior
  9269 | D:12     | Killed a white very ugly thing
  9282 | D:12     | Killed a centaur warrior
  9283 | D:12     | Reached skill level 10 in Maces & Flails
  9390 | D:12     | Noticed a boulder beetle
  9399 | D:12     | Killed a boulder beetle
  9410 | D:12     | Noticed a boulder beetle
  9411 | D:12     | Reached skill level 1 in Shields
  9414 | D:12     | Noticed Zeld's ghost (journeyman DrCj)
  9416 | D:12     | Killed a boulder beetle
  9467 | D:12     | Got the Catalogue of Confrontation and Enchantment
  9468 | D:12     | Noticed a boulder beetle
  9472 | D:12     | Killed a boulder beetle
  9473 | D:12     | Reached skill level 5 in Dodging
  9492 | D:12     | Noticed an eight-headed hydra
  9497 | D:12     | Killed an eight-headed hydra
  9505 | D:12     | Noticed a two-headed ogre
  9505 | D:12     | Noticed a centaur warrior
  9510 | D:12     | Killed a two-headed ogre
  9526 | D:12     | Killed a centaur warrior
  9810 | D:12     | Noticed a boulder beetle
  9820 | D:12     | Killed a boulder beetle
  9821 | D:12     | Reached skill level 11 in Maces & Flails
  9828 | D:12     | Noticed a seven-headed hydra
  9839 | D:12     | Killed a seven-headed hydra
  9840 | D:12     | Reached XP level 13. HP: 63/114 MP: 12/12
 10003 | D:12     | Identified the +2 pair of boots of Camegg {rC+ rN++ Dex-4
                  | Slay-4}
 10280 | D:12     | Identified a scroll of acquirement
 10281 | D:12     | Acquired 1117 gold pieces
 10519 | D:12     | Found a staircase to the Orcish Mines.
 10826 | D:12     | Found a runed translucent door.
 10875 | D:12     | Killed Zeld's ghost
 11246 | D:13     | Found a gate to the Vaults.
 11278 | D:13     | Found Seskoiv's Book Emporium.
 11293 | D:13     | Reached skill level 1 in Polearms
 11326 | D:13     | Found a gate leading to a gauntlet.
 11334 | Gauntlet | Entered a Gauntlet
 11334 | Gauntlet | Found a transporter.
 11344 | Gauntlet | Found a transporter.
 11363 | Gauntlet | Found a transporter.
 11371 | Gauntlet | Found a transporter.
 11389 | Gauntlet | Found a transporter.
 11407 | Gauntlet | Found the +2 cloak of the Thief {*Fog Slay-2 SInv Stlth+}
 11409 | Gauntlet | Found a transporter.
 11421 | Gauntlet | Found a transporter.
 11433 | Gauntlet | Found a transporter.
 11437 | Gauntlet | Noticed a dire elephant
 11448 | Gauntlet | Found a transporter.
 11457 | Gauntlet | Found a transporter.
 11475 | Gauntlet | Found a transporter.
 11495 | Gauntlet | Found a transporter.
 11497 | Gauntlet | Found a transporter.
 11544 | Gauntlet | Found a transporter.
 11546 | Gauntlet | Found a transporter.
 11548 | Gauntlet | Found a transporter.
 11574 | Gauntlet | Found a transporter.
 11652 | Gauntlet | Found a transporter.
 11865 | Gauntlet | Gained mutation: You are agile. (Dex +2) [a neqoxec]
 12162 | Gauntlet | Identified the +0 cloak "Sios" {Rampage Str+8 SInv}
 12263 | Gauntlet | Identified the +7 hunting sling of Psychosis {venom, Int+5}
 12263 | Gauntlet | Noticed a minotaur
 12264 | Gauntlet | Lost intelligence.
 12270 | Gauntlet | Slain by a minotaur

Illustrated notes

Levels and vault maps discovered:
D:1:      onia_arrival_pyramid, layout_rooms, shapermc_ecumenical_altar_venn
D:2:      layout_loops_cross, serial_shops, shop, feat_on_display
D:3:      layout_loops_ring, lemuel_zombie_altar_kikubaaqudgha, uniq_sigmund
D:4:      layout_loops_ring, zin_angel, nicolae_qazlal_style_of_elements,
          lemuel_round_altar
D:5:      layout_rooms, serial_shops, nicolae_lakefront_shop,
          nicolae_wooded_promenade, serial_park_tiny_1,
          chequers_serial_rivers_room_a, minmay_circle_x
D:6:      layout_basic, lemuel_coloured_pillars_altar,
          mainiacjoe_overflow_six_doors_small, mainiacjoe_overflow_paths,
          kennysheep_mini, uniq_edmund
D:7:      minmay_s_stair_smasher, layout_rooms, minmay_temple_entry_arrows
D:8:      layout_basic, marbit_many_paths, minmay_misc_feat_doors
D:9:      layout_roguey, general_overflow_altar, kennysheep_just_a_vault
D:10:     layout_small_grid
D:11:     layout_basic, david_lair_generic
D:12:     minmay_the_grid_square_5x5_5x5_mashed [minmay_the_grid_square_5x5_n,
          minmay_the_grid_square_5x5_beaten_path,
          minmay_the_grid_square_5x5_tetrominoes,
          minmay_the_grid_square_5x5_comb,
          minmay_the_grid_square_5x5_three_walls,
          minmay_the_grid_square_5x5_checkered_statues,
          minmay_the_grid_square_5x5_prize_pseudospiral,
          minmay_the_grid_square_5x5_broken_cross,
          minmay_the_grid_square_5x5_prize_junk, minmay_the_grid_square_5x5_meh,
          minmay_the_grid_square_5x5_spiral_small,
          minmay_the_grid_square_5x5_hourglass,
          minmay_the_grid_square_5x5_prize_snowflake,
          minmay_the_grid_square_5x5_v, minmay_the_grid_square_5x5_inner_i,
          minmay_the_grid_square_5x5_forky,
          minmay_the_grid_square_5x5_prize_open,
          minmay_the_grid_square_5x5_two_small,
          minmay_the_grid_square_5x5_prize_open,
          minmay_the_grid_square_5x5_misaligned,
          minmay_the_grid_square_5x5_moneybag, minmay_the_grid_square_5x5_eight,
          minmay_the_grid_square_5x5_half_checkered,
          minmay_the_grid_square_5x5_plus, minmay_the_grid_square_5x5_longway],
          layout_basic, orc_0_dummy, serial_curves, eino_curves_04,
          eino_curves_04, hellmonk_ghost_happy_afterlife, hangedman_decor_points
D:13:     layout_irregular_city, erik_vaults_1, gauntlet_entry_generic,
          serial_shops, shop
Temple:   nicolae_temple_hex_pool
Gauntlet: gammafunk_gauntlet_one_two_three [gammafunk_gauntlet_arena_corners,
          nicolae_gauntlet_arena_flowing_pool, nicolae_gauntlet_arena_x,
          nicolae_gauntlet_arena_t_cross, gammafunk_gauntlet_arena_grid,
          gammafunk_gauntlet_arena_split_x, nicolae_gauntlet_arena_grate_2,
          gammafunk_gauntlet_arena_spirals, gammafunk_gauntlet_arena_teeth,
          gauntlet_exit_hidden_loot]

Skill      XL: |  1  2  3  4  5  6  7  8  9 10 11 12 13 |
---------------+----------------------------------------+-----
Maces & Flails | 3 4 5 6 7 9 11 | 11.4
Dodging        | 3 4 5 |  5.7
Fighting       | 3 4 5 6 7 8 |  8.8
Throwing       | 1 2 |  2.0
Armour         | 1 2 3 4 5 6 7 8 |  8.1
Bows           | 3 5 6 7 8 9 |  9.7
Shields        | 1 2 |  2.6
Polearms       | 1 |  1.2
Stealth        | |  1.9

Action                   |  1- 3 |  4- 6 |  7- 9 | 10-12 | 13-15 || total
-------------------------+-------+-------+-------+-------+-------++-------
Melee: Mace              |    15 |       |       |       |       ||    15
       Whip              |   106 |   102 |    41 |       |       ||   249
       Punch             |     3 |     2 |       |       |       ||     5
       Giant club        |       |       |    10 |       |       ||    10
       Dire flail        |       |       |    47 |   233 |    83 ||   363
       Longbow           |       |       |       |     2 |       ||     2
       Glaive            |       |       |       |       |     9 ||     9
 Fire: Longbow           |       |       |   124 |   154 |   106 ||   384
Throw: Stone             |     4 |       |       |       |       ||     4
       Boomerang         |     7 |     7 |     2 |     3 |     1 ||    20
Invok: Ancestor Life: Ba |       |       |     1 |       |       ||     1
       Recall Ancestor   |       |       |       |     1 |       ||     1
  Use: Scroll            |       |       |     8 |     6 |    10 ||    24
       Potion            |       |       |       |     1 |     4 ||     5
 Stab: Distracted        |       |       |       |     1 |     1 ||     2
       Confused          |       |       |       |       |     1 ||     1
Armor: Robe              |    64 |     5 |       |       |       ||    69
       Fire dragon scale |       |    43 |   117 |   159 |    57 ||   376
Dodge: Dodged            |    89 |    74 |   102 |   120 |    43 ||   428
Block: Other             |       |       |       |    30 |    26 ||    56
       Reflection        |       |       |       |     2 |     4 ||     6
